Description

Hellion opening

VOD

https://youtu.be/zxNfVJMZjYk

Replay - Dark v INnoVation: Game 5 - 돌개바람 - 래더 (공허의 유산)

Build Order

Get SALT Encoding   

  14  0:16  Supply Depot  
  17  0:58  Command Center  
  18  1:11  Barracks  
  19  1:20  Refinery  
  19  1:28  Refinery  
  22  1:58  Marine  
  23  2:03  Orbital Command  
  23  2:10  Orbital Command  
  23  2:13  Factory  
  23  2:17  Barracks Reactor  
  25  2:40  Factory  
  27  2:57  Supply Depot  
  28  3:01  Hellion x2  
  28  3:04  Barracks Reactor  
  35  3:14  Supply Depot  
  35  3:23  Hellion x2  
  41  3:31  Supply Depot  
  43  3:43  Cyclone x2  
  43  3:45  Hellion x2  
  54  3:53  Supply Depot  
  55  4:06  Cyclone x2  
  61  4:15  Hellion x2  
  65  4:19  Armory  
  69  4:37  Hellion x2  
  79  4:58  Cyclone x2  
  93  5:22  Command Center  
  85  5:33  Cyclone x2  
  89  5:41  Refinery x2  
  86  6:14  Factory  
Spawning Tool Build Advisor. Get it on Overwolf

Go to:

Details

  • Created by: Nelsquik
  • Published on: May 06, 2017
  • Modified on: May 07, 2017
  • Patch: 3.8.0
Show
View Real Time Build Order
Export as new Build Order

Comments (0)

There are no comments. Be the first!

Create an account to comment!